 Dungeon Crawl Stone Soup version 0.15-a0-1723-gae8f746 (webtiles) character file.

913178 Psiweapon the Executioner (level 27, 0/255 (266) HPs)
             Began as a Minotaur Berserker on June 15, 2014.
             Was the Champion of Trog.
             Slain by a tentacled monstrosity (5 damage)
             ... summoned by Mnoleg
             ... in Pandemonium on June 26, 2014.
             The game lasted 18:02:30 (113781 turns).

Psiweapon the Executioner (Minotaur Berserker)    Turns: 113781, Time: 18:02:30

HP   0/255 (266) AC 42     Str 26      XL: 27
MP  12/12        EV 26     Int 10      God: Trog [******]
Gold 10630       SH 21     Dex 20      Spells:  0 memorised, 26 levels left

rFire  + + +     SeeInvis .     d - +9 broad axe (antimagic)
rCold  + + .     Clarity  .     h - +10 plate armour of the Barracuda {rPois rF+ rC+ MR+}
rNeg   + . .     rCorr    .     Q - +2 shield of Resistance {rF+ rC+ MR+}
rPois  +         rRot     .     t - +2 hat
rElec  .         Spirit   .     R - +0 cloak of the Fisher {rF++}
SustAb +         Warding  .     q - +2 pair of gloves {archery}
rMut   +         Stasis   .     n - +2 pair of boots
Gourm  .                        k - amulet of resist mutation
MR     ++++.                    l - ring of sustain abilities
                                V - ring of Gyiheal {rN+ Dex+2}

@: brilliant, lost intelligence, constricted, very slow, incredibly resistant to
hostile enchantments, very unstealthy
A: retaliatory headbutt, horns 2, blurry vision 1, deterioration 1, fast
metabolism 1, low mp 1
a: Burn Spellbooks, Berserk, Trog's Hand, Brothers in Arms, Renounce Religion
}: 6/15 runes: barnacled, slimy, silver, abyssal, demonic, gossamer


You were in Pandemonium.
You worshipped Trog.
Trog was exalted by your worship.
You were not hungry.

You visited 11 branches of the dungeon, and saw 63 of its levels.
You visited Pandemonium 5 times, and saw 17 of its levels.
You visited the Abyss 3 times.
You visited 1 Ziggurat, and saw 14 of its levels.
You also visited: Labyrinth, Ossuary and Ice Cave.

You collected 12802 gold pieces.
You spent 2172 gold pieces at shops.

Inventory:

Hand weapons
 d - a +9 antimagic broad axe (weapon)
 g - the +11 morningstar "Zagass" {flame, rPois rF+ rC+ Dex+3}
   (You found it on level 3 of the Crypt)

   It emits flame when wielded, causing extra injury to most foes and up to
   double damage against particularly susceptible opponents.
   It affects your dexterity (+3).
   It protects you from fire.
   It protects you from cold.
   It protects you from poison.
 C - a +9 vampiric broad axe
Missiles
 M - 31 javelins of penetration
 W - 10 silver javelins (quivered)
Armour
 h - the +10 plate armour of the Barracuda (worn) {rPois rF+ rC+ MR+}
   (You found it on level 3 of the Elven Halls)

   It protects you from fire.
   It protects you from cold.
   It protects you from poison.
   It affects your resistance to hostile enchantments.
 n - a +2 pair of boots (worn)
 q - a +2 pair of gloves of archery (worn)
 t - a +2 hat (worn)
 Q - the +2 shield of Resistance (worn) {rF+ rC+ MR+}
   (You found it on level 1 of the Crypt)

   It protects you from fire.
   It protects you from cold.
   It affects your resistance to hostile enchantments.
 R - the +0 cloak of the Fisher (worn) {rF++}
   (You bought it in a shop on level 4 of the Orcish Mines)

   It greatly protects you from fire.
Magical devices
 A - a wand of hasting (4)
 E - a wand of teleportation (1)
 L - a wand of digging (10)
 N - a wand of heal wounds (2)
 T - a wand of fire (2)
 Y - a wand of disintegration (13)
Comestibles
 i - 30 meat rations
Scrolls
 b - 10 scrolls of fear
 c - 2 scrolls of holy word
 j - 12 scrolls of recharging
 m - 33 scrolls of remove curse
 p - 16 scrolls of fog
 v - a scroll of magic mapping
 D - 35 scrolls of teleportation
 F - 5 scrolls of vulnerability
 G - a scroll of torment
 I - 13 scrolls of blinking
 K - 9 scrolls of immolation
Jewellery
 k - an amulet of resist mutation (around neck)
 l - a ring of sustain abilities (right hand)
 s - the amulet of Crycec {Spirit -Cast Slay+4}
   (You found it on level 6 of the Pits of Slime)

   [amulet of guardian spirit]

   It causes incoming damage to be split between your health and magic.
   It affects your accuracy and damage with ranged weapons and melee attacks
   (+4).
   It prevents spellcasting.
 w - the amulet "Doudwyuk" {Stasis Str+3 Int+2}
   (You found it on level 5 of the Vaults)

   [amulet of stasis]

   It prevents you from being teleported, slowed, hasted or paralysed.
   It affects your strength (+3).
   It affects your intelligence (+2).
 y - the amulet of the Four Winds {Clar rN+ MR+++}
   (You found it on level 8 of a ziggurat)

   [amulet of clarity]

   It provides mental clarity.
   It protects you from negative energy.
   It affects your resistance to hostile enchantments.
 J - the amulet "Neur" {Ward rN+ Dex+1 Int+3}
   (You found it on level 3 of the Crypt)

   [amulet of warding]

   It may prevent the melee attacks of summoned creatures.
   It affects your intelligence (+3).
   It affects your dexterity (+1).
   It protects you from negative energy.
 P - the ring of Obsession {EV+3 SInv}
   (You took it off a deep elf conjurer on level 5 of the Vaults)

   [ring of evasion]

   It affects your evasion (+3).
   It enhances your eyesight.
 S - the ring of Qucs {rElec rPois}
   (You found it in an ice cave)

   [ring of poison resistance]

   It insulates you from electricity.
   It protects you from poison.
 V - the ring of Gyiheal (left hand) {rN+ Dex+2}
   (You found it on level 3 of the Crypt)

   [ring of positive energy]

   It affects your dexterity (+2).
   It protects you from negative energy.
Potions
 a - 3 potions of resistance
 e - 4 potions of porridge
 f - 19 potions of heal wounds
 o - 53 potions of curing
 r - 7 potions of haste
 u - 2 potions of brilliance
 x - 8 potions of might
 H - 9 potions of agility
 X - 6 potions of restore abilities
Miscellaneous
 U - a disc of storms
Rods
 z - a +4 rod of clouds (11/11)
   (You found it on level 5 of a ziggurat)
 B - a +9 rod of inaccuracy (17/17)
   (You found it in a labyrinth)
 O - a +3 rod of ignition (12/12)
   (You found it on level 14 of a ziggurat)
 Z - a +7 rod of shadows (10/10)
   (You found it on level 11 of a ziggurat)


   Skills:
 - Level 25.0 Fighting
 + Level 25.9(26.5) Axes
 - Level 16.6(20.3) Maces & Flails
   Level 7.4(10.8) Staves
   Level 0.4(13.1) Slings
   Level 2.0 Crossbows
 - Level 23.8 Throwing
 - Level 22.3 Armour
 - Level 22.9 Dodging
 + Level 14.6 Stealth
 - Level 24.0 Shields
 - Level 20.2 Evocations


You had 26 spell levels left.
You didn't know any spells.

Dungeon Overview and Level Annotations

Branches:
Dungeon (15/15)            Temple (0/1) D:4             Orc (4/4) D:12
    Elf (3/3) Orc:3          Lair (8/8) D:9          Shoals (5/5) Lair:3
 Spider (5/5) Lair:5        Slime (6/6) Lair:7       Vaults (5/5) D:14
  Crypt (3/3) Vaults:2       Tomb (0/3) Crypt:3         Zot (4/5) Depths:5
 Depths (5/5) D:15

Altars:
Ashenzari
Fedhas
Kikubaaqudgha
Makhleb
Sif Muna
Vehumet
Xom
Beogh
Jiyva

Shops:
D:9 [:[(=   D:14 [   Orc:2 [   Orc:4 [[?[   Shoals:2 *   Vaults:1 *
Vaults:5 =   Depths:1 *   Depths:2 *   Depths:4 !

Portals:
Hell: Depths:1 Depths:2 Depths:3 Depths:4 Depths:5
Abyss: Depths:1 Depths:2 Depths:4 Depths:5
Pandemonium: Depths:2 Depths:3
Ziggurat: Depths:4

Annotations:
Orc:3 orc stash, 5 exclusions
Vaults:2 1 exclusion
Pan Mnoleg


Innate Abilities, Weirdness & Mutations

You reflexively headbutt those who attack you in melee.
You have a pair of horns on your head.
Your vision is a little blurry.
Your body is slowly deteriorating.
You have a fast metabolism.
Your magical capacity is low (-10% MP).


Message History

You block the large abomination's attack.
You block the tormentor's attack. The tormentor barely misses you.
The tentacled monstrosity completely misses you.
The tentacled monstrosity tentacle-slaps you.
* * * LOW HITPOINT WARNING * * *
The tentacled monstrosity closely misses you.
The tentacled monstrosity constricts you.
You block the tentacled monstrosity's attack. x2
The tentacled monstrosity misses you. Mnoleg closely misses you.
Mnoleg barely misses you.
The large abomination barely misses you.
The tormentor calls on the powers of darkness!
Your body is wracked with pain!
* * * LOW HITPOINT WARNING * * *
The tentacled monstrosity completely misses you.
You furiously retaliate!
You headbutt the tentacled monstrosity, but do no damage.
The tentacled monstrosity tentacle-slaps you but does no damage.
The tentacled monstrosity tentacle-slaps you.
You die...

#...# ##..#######.#
#...###....#...#..#
#...#...##.....###
#.....##.......#
##...###.......#
##...## ##.....##
##...## ##...##
##XX.## #####
#X&@##
#.3XX2X5.....
#....5#23X.....
##...##3525....
##.# .....(... ##
......(( (......
....... ...


You could see Mnoleg, 2 tentacled monstrosities, 2 cacodemons, 5 large
abominations, a tormentor, 3 neqoxecs, 2 white imps and 2 shadow imps.

Vanquished Creatures
  the royal jelly (Slime:6)
  An orb of fire (Zot:4)
  Tiamat (Zot:1)
  A greater mummy (Zig:9)
  4 ancient liches
  A seraph (Pan)
  Saint Roka (Vaults:5)
  Boris (Vaults:3)
  Mennas (Crypt:1)
  2 electric golems
  12 golden dragons
  2 pearl dragons (Pan)
  Xtahua (Crypt:3)
  8 bone dragons
  Arachne (Spider:2)
  4 Brimstone Fiends (Pan)
  10 Hell Sentinels
  A hellephant (Pan)
  Asterion (Spider:4)
  9 pandemonium lords (Pan)
  15 tentacled monstrosities
  9 Ice Fiends (Pan)
  2 deep elf blademasters (Elf:3)
  7 liches
  3 quicksilver dragons
  A deep elf master archer (Elf:3)
  2 titans
  Polyphemus (Shoals:5)
  A storm dragon (shapeshifter) (Vaults:5)
  8 Shadow Fiends (Pan)
  2 krakens
  5 tentacled starspawn
  9 sphinxes
  11 Executioners (Pan)
  25 acid blobs
  12 storm dragons
  10 blood saints (Pan)
  10 warmongers (Pan)
  Rupert (Spider:4)
  17 daevas (Pan)
  12 fire giants
  2 ancient champions
  Kirke (Spider:1)
  11 tengu reavers
  A revenant (Crypt:3)
  11 draconian monks
  8 shadow dragons
  Ilsuiw (Shoals:5)
  10 azure jellies
  15 ghost moths
  Donald (Spider:2)
  17 vault wardens
  Wiglaf (Spider:4)
  3 draconian scorchers
  2 greater nagas (Zig:13)
  10 frost giants
  14 deep elf sorcerers
  10 emperor scorpions
  2 draconian knights
  29 cacodemons
  2 draconian zealots
  2 octopode crushers (Depths:4)
  5 balrugs
  25 angels (Pan)
  Jorgrun (Spider:4)
  7 deep elf demonologists (Elf:3)
  10 reapers
  9 ghouls
  5 draconian annihilators
  A spriggan defender (Depths:3)
  2 draconian shifters (Zig:14)
  26 stone giants
  A vampire knight (Depths:4)
  2 curse skulls
  The ghost of Tesla the Tortoise, a powerful MiFi of Okawaru (D:13)
  4 draconian callers
  A green draconian (shapeshifter) (D:15)
  4 corrupters (Pan)
  18 ophanim (Pan)
  7 war gargoyles
  36 apis (Pan)
  5 green draconians
  5 yellow draconians
  10 grey draconians
  Azrael (Elf:3)
  3 red draconians
  4 pale draconians
  10 black suns (Pan)
  7 dire elephants
  9 white draconians
  14 deep elf annihilators
  5 black draconians
  3 purple draconians
  8 lorocyprocas
  10 mottled draconians
  5 merfolk javelineers
  11 chaos champions (Pan)
  17 ettins
  7 deep elf death magi
  22 yaktaur captains
  A mummy priest (Zig:9)
  8 minotaurs
  33 vault guards
  3 eidola
  The ghost of onwiheg the Blocker, a powerful TeBe of Trog (IceCv)
  17 blizzard demons (Pan)
  6 merfolk impalers
  A spectral golden dragon (Crypt:1)
  5 sirens
  3 jiangshi (Crypt:2)
  3 quicksilver dragon zombies
  12 death oozes
  12 green deaths
  5 spriggan air magi
  4 deep elf high priests
  20 fire dragons
  A great orb of eyes (shapeshifter) (Vaults:5)
  6 death cobs
  6 rakshasas
  13 ice dragons
  11 great orbs of eyes
  38 monstrous demonspawn (Pan)
  3 alligator snapping turtles (Shoals:5)
  4 hydras
  A ghost crab (Crypt:1)
  19 ironheart preservers
  4 merfolk aquamancers
  2 ravenous feature mimics
  3 ravenous item mimics
  3 dancing weapons
  A death knight (Crypt:1)
  6 deep troll earth magi
  A satyr (Shoals:5)
  18 ogre magi
  5 tengu warriors
  35 death yaks
  8 deep troll shamans
  18 hell knights
  3 shock serpents (Zig:13)
  A spectral elf (Elf:3)
  A hell hog (Abyss:3)
  Urug (Orc:3)
  2 orc high priests (Zig:6)
  5 spriggan berserkers
  8 centaur warriors
  2 titan zombies
  4 thrashing horrors
  A vampire mage (Crypt:2)
  4 naga sharpshooters (Zig:13)
  20 deep elf knights
  10 very ugly things
  A titan skeleton (Depths:2)
  20 sun demons
  A fire crab (shapeshifter) (D:13)
  A wretched star (Abyss:1)
  5 shadow wraiths
  An iron troll (shapeshifter) (Zig:3)
  5 unseen horrors
  24 skeletal warriors
  A spatial maelstrom (Abyss:3)
  A storm dragon skeleton (Crypt:3)
  22 torturous demonspawn (Pan)
  A death drake (Abyss:3)
  2 salamander mystics (Zig:13)
  20 soul eaters
  9 deep elf summoners
  15 ice devils
  15 sea snakes
  5 iron trolls
  19 infernal demonspawn
  20 cherubim (Pan)
  3 catoblepae
  3 water nymphs
  36 deep trolls
  A golden dragon zombie (Zig:7)
  A giant orange brain (shapeshifter) (Vaults:3)
  24 gelid demonspawn (Pan)
  9 shadow demons
  A swamp dragon (shapeshifter) (Depths:3)
  2 ice statues (Shoals:1)
  A hill giant (shapeshifter) (Vaults:5)
  22 orb spiders
  11 wizards
  4 giant orange brains
  3 lindwurms
  26 putrid demonspawn (Pan)
  2 sphinx zombies
  4 flayed ghosts
  A water nymph (shapeshifter) (Zig:3)
  A golden dragon skeleton (Crypt:3)
  A naga ritualist (Zig:13)
  18 hill giants
  17 deep elf conjurers
  A tengu zombie (Vaults:5)
  24 ironbrand convokers
  A wolf spider zombie (Crypt:3)
  11 orc knights
  11 harpies
  An anaconda skeleton (Crypt:2)
  62 large abominations
  38 wolf spiders
  An iron dragon zombie (Depths:2)
  Erolcha (Vaults:4)
  17 necromancers
  15 hellions
  3 frost giant zombies
  3 stone giant zombies
  6 fauns (Shoals:3)
  A salamander (Zig:13)
  4 hell beasts (Pan)
  15 manticores
  4 worldbinders
  4 shining eyes
  8 phantasmal warriors
  14 griffons
  A frost giant skeleton (Crypt:3)
  14 red wasps
  A mermaid (shapeshifter) (D:13)
  8 fire giant skeletons
  31 moths of wrath
  9 elephants
  14 cyclopes
  An octopode (shapeshifter) (Depths:3)
  A draconian (Spider:1)
  A manticore (shapeshifter) (Vaults:4)
  42 orange demons
  14 mermaids
  A shining eye (shapeshifter) (Vaults:5)
  5 orc sorcerers
  58 sixfirhies
  3 stone giant skeletons
  7 spiny frogs
  17 vault sentinels
  7 oklob plants
  A dire elephant zombie (Crypt:2)
  6 drowned souls
  7 eyes of devastation
  3 tormentors
  An elephant slug zombie (Crypt:2)
  6 guardian serpents
  A black mamba (shapeshifter) (D:15)
  10 black mambas
  74 smoke demons
  4 naga magi (Zig:13)
  4 gargoyles (Crypt:3)
  A spriggan zombie (Depths:2)
  2 dire elephant skeletons
  A feature mimic (Vaults:1)
  10 iron devils
  A centaur zombie (Depths:2)
  11 fire drakes
  53 hellwings
  15 komodo dragons
  75 yaktaurs
  10 red devils
  3 efreet
  2 komodo dragons (shapeshifter)
  3 torpor snails
  An elf (shapeshifter) (D:15)
  35 jumping spiders
  19 demonic crawlers
  3 golden dragon simulacra (IceCv)
  4 tengu conjurers
  4 item mimics
  2 anaconda simulacra (IceCv)
  13 deep elf priests
  A ghoul skeleton (Vaults:4)
  3 kobold demonologists (Vaults:4)
  11 guardian mummies
  6 silent spectres
  A death yak skeleton (Crypt:1)
  31 merfolk
  A minotaur zombie (Depths:1)
  7 polar bears
  A queen bee (Spider:5)
  An ancient zyme (Abyss:3)
  11 trolls
  Sonja (Spider:1)
  12 freezing wraiths
  A baby alligator (Spider:5)
  A polar bear (shapeshifter) (Elf:2)
  31 two-headed ogres
  A raven (shapeshifter) (Depths:3)
  2 jumping spiders (shapeshifter)
  2 bog bodies (Crypt:2)
  3 human simulacra
  2 hydra skeletons
  2 wind drakes
  12 blue devils
  10 ravens
  An alligator zombie (Crypt:2)
  A queen bee (shapeshifter) (Depths:1)
  A fire dragon zombie (Vaults:4)
  An ettin zombie (Depths:2)
  A catoblepas skeleton (Crypt:3)
  The ghost of vYxOr the Sneak, an average SpEn (D:4)
  8 snapping turtles
  6 boulder beetles
  A frost giant simulacrum (Vaults:5)
  5 basilisks
  A baby alligator (shapeshifter) (Vaults:2)
  2 raiju (shapeshifter)
  7 raiju (Abyss:3)
  15 blink frogs
  2 basilisks (shapeshifter)
  11 air elementals
  2 dire elephant simulacra (IceCv)
  14 flying skulls
  4 starcursed masses
  37 trapdoor spiders
  41 redbacks
  33 tarantellas
  68 slime creatures
  A guardian serpent zombie (Crypt:1)
  30 humans
  18 wraiths
  26 shadows
  18 water elementals
  41 neqoxecs
  2 ettin skeletons
  10 fire dragon skeletons
  30 deep elf magi
  A spriggan (shapeshifter) (Vaults:3)
  4 vampires
  2 fire bats (Abyss:1)
  4 fire elementals (Elf:3)
  28 ugly things
  23 sharks
  30 ynoxinuls
  5 spriggans
  4 hungry ghosts
  2 hogs (Lair:5)
  3 wolves (Lair:8)
  A harpy simulacrum (IceCv)
  12 chaos spawn
  30 deep elf fighters
  3 spatial vortices (Abyss:3)
  2 nagas (Zig:13)
  A wyvern (Lair:5)
  12 hippogriffs
  2 death yak simulacra (IceCv)
  13 golden eyes
  Edmund (D:6)
  18 vampire mosquitoes
  15 water moccasins
  7 wargs
  35 yaks
  2 hell hounds (Elf:3)
  2 hydra simulacra (IceCv)
  10 sky beasts
  9 small abominations
  6 mottled dragons
  A black bear (Lair:8)
  9 necrophages
  A torturous demonspawn skeleton (Crypt:1)
  5 yellow wasps
  11 porcupines
  An elf simulacrum (Vaults:5)
  41 spiders
  2 soldier ants
  A spectral raiju (Crypt:3)
  62 ogres
  51 orc warriors
  4 phantoms
  2 boring beetles (Zig:10)
  23 crocodiles
  2 ettin simulacra (IceCv)
  A tengu (shapeshifter) (Vaults:5)
  A manticore skeleton (D:13)
  10 lost souls
  16 giant frogs
  12 boggarts
  4 brain worms
  28 centaurs
  2 boring beetles (shapeshifter)
  3 big kobolds
  3 lava worms (D:11)
  Blork the orc (D:6)
  A glowing shapeshifter simulacrum (Vaults:3)
  11 ice beasts
  A spiny frog simulacrum (Crypt:2)
  A dryad skeleton (Crypt:1)
  A water moccasin zombie (Crypt:2)
  8 eyes of draining
  A cyclops skeleton (D:13)
  8 wights
  5 scorpions
  A swamp dragon simulacrum (IceCv)
  12 crimson imps
  10 hounds
  9 electric eels
  A yellow wasp zombie (Crypt:1)
  2 draconian simulacra (IceCv)
  4 human zombies
  3 iron imps
  39 orc priests
  2 elf zombies
  5 human skeletons
  A quasit (Pan)
  A gnoll shaman (D:9)
  27 jellies
  A giant frog skeleton (D:7)
  A kobold skeleton (Vaults:4)
  13 big fish
  A polar bear simulacrum (IceCv)
  Natasha (thrice) (D:6)
  4 troll simulacra (IceCv)
  9 worker ants
  35 orc wizards
  4 orange rats (Elf:2)
  A porcupine skeleton (Crypt:1)
  36 sheep
  2 big kobold zombies (Ossuary)
  A brain worm zombie (Crypt:2)
  A spriggan simulacrum (IceCv)
  Ijyb (D:2)
  2 deep dwarf zombies
  2 necrophage skeletons (Vaults:4)
  A centaur simulacrum (IceCv)
  A hound zombie (D:6)
  21 mummies
  17 gnolls
  22 adders
  6 goliath beetles
  A big fish zombie (D:6)
  14 iguanas
  2 giant mites
  72 green rats
  An inept feature mimic (D:2)
  An inept item mimic (Orc:2)
  7 shadow imps
  A goliath beetle zombie (Crypt:2)
  7 white imps
  2 worms
  4 naga simulacra (IceCv)
  66 ufetubi
  3 giant geckos
  229 orcs
  6 ball pythons
  16 bats
  3 bat zombies (D:6)
  15 hobgoblins
  5 jackals
  15 kobolds
  7 quokkas
  A ball python skeleton (D:4)
  5 giant cockroaches
  A giant gecko zombie (D:6)
  4 giant newts
  3 giant spores
  A gnoll skeleton (Crypt:1)
  2 gnoll zombies (Ossuary)
  24 goblins
  A goblin skeleton (D:4)
  4 goblin zombies (Ossuary)
  4 hobgoblin zombies (Ossuary)
  2 orc zombies
  A quokka zombie (Crypt:1)
  9 rats
  2 rat zombies (D:6)
  A spectral giant gecko (Crypt:3)
  5 ballistomycetes
  2 butterflies (D:4)
  2 crawling corpses (Elf:3)
  A fungus (D:9)
  6 grand avatars (Pan)
  8 plants
  6 starspawn tentacles
  A starspawn tentacle segment (Abyss:3)
  6 tentacles
4441 creatures vanquished.

Vanquished Creatures (collateral kills)
  Sojobo (Vaults:2)
  Mara (Spider:3)
  A golden dragon (Depths:5)
  A deep elf master archer (Elf:3)
  A quicksilver dragon (Depths:5)
  A tengu reaver (Vaults:2)
  Roxanne (Spider:1)
  The ghost of inmateoo the Arsonist, a powerful DrFE of Cheibriados (D:13)
  A player illusion (Spider:3)
  A deep elf sorcerer (Elf:3)
  3 angels (Pan)
  A stone giant (Vaults:5)
  A deep elf annihilator (Elf:3)
  2 apis (Pan)
  A dire elephant (Lair:8)
  A merfolk javelineer (Shoals:5)
  2 blizzard demons (IceCv)
  A vault guard (Vaults:3)
  A deep elf high priest (Elf:3)
  A great orb of eyes (Vaults:2)
  A monstrous demonspawn (Pan)
  2 deep troll shamans
  A merfolk aquamancer (Shoals:5)
  3 death yaks (Lair:8)
  A hell knight (Vaults:2)
  A centaur warrior (D:13)
  A soul eater (Zig:9)
  A storm dragon zombie (Vaults:5)
  A large abomination (Pan)
  An ice devil (IceCv)
  A gelid demonspawn (Pan)
  A deep elf summoner (Vaults:3)
  2 deep elf conjurers
  An orb spider (Spider:1)
  A harpy (Shoals:5)
  5 orc knights (Orc:4)
  3 wolf spiders
  An ironbrand convoker (Vaults:3)
  A small abomination (Elf:3)
  A moth of wrath (Spider:4)
  An octopode (shapeshifter) (Vaults:2)
  2 orange demons (Pan)
  A smoke demon (Elf:3)
  A vault sentinel (Vaults:3)
  2 yaktaurs
  A demonic crawler (Spider:1)
  A golden dragon simulacrum (IceCv)
  3 guardian mummies (Zig:9)
  A red devil (Elf:3)
  A slime creature (Zig:12)
  2 redbacks
  3 tarantellas
  A human (Vaults:2)
  A spriggan simulacrum (Zig:9)
  A hydra simulacrum (IceCv)
  2 orc warriors (Orc:4)
  4 spiders
  3 centaurs (D:13)
  An orc wizard (Orc:4)
  An orange rat (Vaults:3)
  2 mummies (Zig:9)
  3 orcs
92 creatures vanquished.

Vanquished Creatures (others)
  Margery (Vaults:2)
  Nikola (Elf:2)
  2 draconian monks
  A greater naga (Zig:13)
  A blizzard demon (Pan)
  2 ironheart preservers (Vaults:4)
  A monstrous demonspawn (Pan)
  An ogre mage (Depths:2)
  2 shadow wraiths (Vaults:4)
  3 iron trolls
  A giant orange brain (shapeshifter) (Vaults:4)
  4 deep trolls
  An ice devil (Pan)
  9 hill giants
  An ironbrand convoker (Vaults:4)
  A wolf spider (Spider:5)
  A fire giant skeleton (Crypt:3)
  8 drowned souls
  A yaktaur (Vaults:3)
  2 two-headed ogres
  8 trolls
  A vampire (Depths:1)
  A ynoxinul (Pan)
  2 water elementals
  2 humans (Spider:1)
  A neqoxec (Pan)
  A mottled dragon (Zot:1)
  A boggart (Depths:3)
  5 ogres
  2 lost souls (Crypt:2)
  An eye of draining (D:15)
  A centaur zombie (Depths:2)
  A human zombie (Vaults:4)
  2 jellies
  2 ufetubi (Pan)
  4 fungi (Lair:6)
  7 plants
  14 starspawn tentacles (Abyss:3)
  142 starspawn tentacle segments
  9 tentacles
  332 tentacle segments
583 creatures vanquished.

Grand Total: 5116 creatures vanquished

Notes
Turn   | Place    | Note
--------------------------------------------------------------
     0 | D:1      | Psiweapon, the Minotaur Berserker, began the quest for the Orb.
     0 | D:1      | Reached XP level 1. HP: 19/19 MP: 1/1
   283 | D:1      | Reached XP level 2. HP: 27/27 MP: 1/1
   399 | D:1      | Reached skill level 4 in Fighting
  1017 | D:3      | Reached XP level 3. HP: 34/34 MP: 2/2
  1026 | D:3      | Reached XP level 4. HP: 27/41 MP: 2/2
  1034 | D:3      | Acquired Trog's second power
  1315 | D:2      | Noticed Ijyb
  1324 | D:2      | Killed Ijyb
  1681 | D:3      | Reached XP level 5. HP: 47/47 MP: 2/2
  1694 | D:3      | Reached skill level 5 in Fighting
  1945 | D:3      | Reached skill level 5 in Axes
  2665 | D:4      | Found a staircase to the Ecumenical Temple.
  2705 | D:4      | Reached XP level 6. HP: 53/56 MP: 3/3
  2793 | D:4      | Found a sand-covered staircase.
  2808 | Ossuary  | Entered an ossuary
  3214 | D:4      | Noticed vYxOr's ghost (average SpEn)
  3253 | D:4      | Killed vYxOr's ghost
  3253 | D:4      | Reached skill level 6 in Fighting
  3253 | D:4      | Reached skill level 1 in Stealth
  3253 | D:4      | Reached XP level 7. HP: 63/63 MP: 3/3
  3263 | D:4      | Found a shimmering altar of Xom.
  3312 | D:4      | Reached skill level 5 in Dodging
  3450 | D:4      | Noticed a phantom
  3568 | D:4      | Killed a phantom
  3769 | D:5      | Entered Level 5 of the Dungeon
  3792 | D:5      | Found a shattered altar of Ashenzari.
  3834 | D:5      | Reached skill level 5 in Armour
  4171 | D:5      | Reached XP level 8. HP: 57/71 MP: 3/3
  4597 | D:6      | Noticed Edmund
  4622 | D:6      | Killed Edmund
  4622 | D:6      | Reached skill level 7 in Fighting
  4826 | D:6      | Noticed Blork the orc
  4959 | D:6      | Noticed Natasha
  4967 | D:6      | Killed Natasha
  5082 | D:6      | Found an ancient bone altar of Kikubaaqudgha.
  5185 | D:6      | Killed Blork the orc
  5233 | D:6      | Noticed Natasha
  5240 | D:6      | Killed Natasha
  5240 | D:6      | Acquired Trog's third power
  5587 | D:6      | Noticed Natasha
  5619 | D:6      | Killed Natasha
  5731 | D:6      | Reached skill level 1 in Maces & Flails
  5791 | D:6      | Found a burning altar of Makhleb.
  5887 | D:7      | Reached skill level 1 in Evocations
  6049 | D:7      | Reached XP level 9. HP: 79/79 MP: 5/5
  6471 | D:7      | Found a blossoming altar of Fedhas.
  6514 | D:7      | Found a blossoming altar of Fedhas.
  6530 | D:7      | Reached skill level 8 in Fighting
  6881 | D:8      | Found a radiant altar of Vehumet.
  7497 | D:9      | Found Tratyutuu's Book Emporium.
  7508 | D:9      | Found Lotent's Antique Armour Boutique.
  7545 | D:9      | Reached skill level 5 in Maces & Flails
  7725 | D:9      | Reached skill level 9 in Fighting
  7725 | D:9      | Reached XP level 10. HP: 72/91 MP: 6/6
  7746 | D:9      | Found Kleirr's Armour Shop.
  7753 | D:9      | Bought a +4 chain mail of cold resistance for 472 gold pieces
  7848 | D:9      | Found a staircase to the Lair.
  7962 | D:9      | Found Criokh's Weapon Emporium.
  8016 | D:9      | Found Daelehuti's Jewellery Emporium.
  8334 | Lair:1   | Entered Level 1 of the Lair of Beasts
  8645 | Lair:1   | Reached skill level 1 in Crossbows
  8855 | Lair:1   | Reached skill level 1 in Throwing
  9344 | Lair:2   | Noticed a seven-headed hydra
  9350 | Lair:2   | Killed a seven-headed hydra
  9350 | Lair:2   | Reached skill level 10 in Fighting
  9645 | Lair:2   | Received a gift from Trog
  9645 | Lair:2   | Reached XP level 11. HP: 100/100 MP: 7/7
  9717 | Lair:2   | Reached skill level 10 in Armour
  9872 | Lair:2   | Reached skill level 1 in Shields
  9877 | Lair:2   | Reached skill level 10 in Dodging
 10277 | Lair:3   | Noticed a four-headed hydra
 10285 | Lair:3   | Killed a four-headed hydra
 10909 | Lair:3   | Found a staircase to the Shoals.
 11448 | Lair:4   | Received a gift from Trog
 11873 | Lair:4   | Received a gift from Trog
 11938 | Lair:4   | Reached skill level 11 in Armour
 12226 | Lair:4   | Reached skill level 5 in Shields
 12226 | Lair:4   | Reached XP level 12. HP: 84/110 MP: 9/9
 12621 | Lair:4   | Received a gift from Trog
 12794 | Lair:5   | Found a hole to the Spider Nest.
 13382 | Lair:1   | Reached skill level 1 in Staves
 14552 | Lair:6   | Received a gift from Trog
 14943 | Lair:7   | Reached skill level 5 in Staves
 14943 | Lair:7   | Reached skill level 12 in Dodging
 15721 | Lair:7   | Found a viscous altar of Jiyva.
 15721 | Lair:7   | Found a staircase to the Slime Pits.
 15751 | Lair:7   | Reached XP level 13. HP: 111/118 MP: 3/9
 16279 | Lair:8   | Entered Level 8 of the Lair of Beasts
 16786 | Lair:8   | Received a gift from Trog
 17233 | Lair:8   | Noticed a dire elephant
 17242 | Lair:8   | Killed a dire elephant
 17242 | Lair:8   | Reached skill level 13 in Dodging
 17664 | Lair:1   | Upgraded the game from 0.15-a0-1506-g1b030bc to 0.15-a0-1549-gb42009b
 17719 | D:10     | Entered Level 10 of the Dungeon
 17900 | D:10     | Found a burning altar of Makhleb.
 17935 | D:10     | Received a gift from Trog
 18169 | D:11     | Reached skill level 10 in Maces & Flails
 18368 | D:11     | Identified a scroll of acquirement
 18375 | D:11     | Identified a +1 rod of striking (13/13) (You acquired it on level 11 of the Dungeon)
 19392 | D:12     | Found a staircase to the Orcish Mines.
 19434 | D:12     | Received a gift from Trog
 19531 | D:12     | Upgraded the game from 0.15-a0-1549-gb42009b to 0.15-a0-1569-gdbe329f
 20175 | D:13     | Reached XP level 14. HP: 129/129 MP: 13/13
 20182 | D:13     | Noticed Tesla's ghost (powerful MiFi)
 20214 | D:13     | Killed Tesla's ghost
 20374 | D:13     | Noticed inmateoo's ghost (powerful DrFE)
 20391 | D:13     | Killed inmateoo's ghost
 20775 | D:13     | Gained mutation: Your muscles are strong. (Str +2) [mutagenic meat]
 20776 | D:13     | Gained mutation: You can spit poison. [mutagenic meat]
 20777 | D:13     | Gained mutation: You are resistant to hostile enchantments. [mutagenic meat]
 21858 | Spider:1 | Entered Level 1 of the Spider Nest
 21858 | Spider:1 | Noticed Kirke
 21896 | Spider:1 | Killed Kirke
 21896 | Spider:1 | Reached skill level 5 in Evocations
 21913 | Spider:1 | Received a gift from Trog
 22044 | Spider:1 | Noticed Roxanne
 22100 | Spider:1 | Killed Roxanne
 22107 | Spider:1 | Received a gift from Trog
 22825 | Spider:1 | Noticed Sonja
 22843 | Spider:1 | Killed Sonja
 23019 | Spider:2 | Reached skill level 10 in Shields
 23535 | Spider:2 | Received a gift from Trog
 23603 | Spider:2 | Noticed Arachne
 23653 | Spider:2 | Killed Arachne
 24321 | Spider:2 | Noticed Donald
 24330 | Spider:2 | Killed Donald
 24688 | Spider:3 | Reached XP level 15. HP: 100/136 MP: 22/22
 24735 | Spider:3 | Noticed Mara
 24748 | Spider:3 | Noticed Psiweapon's illusion
 24753 | Spider:3 | Killed Psiweapon's illusion
 24754 | Spider:3 | Noticed Psiweapon's illusion
 24754 | Spider:3 | Killed Mara
 25414 | Spider:3 | Noticed an emperor scorpion
 25445 | Spider:3 | Killed an emperor scorpion
 25445 | Spider:3 | Reached skill level 10 in Axes
 25665 | Spider:3 | Received a gift from Trog
 26073 | Spider:4 | Got a shimmering brass ring
 26075 | Spider:4 | Identified the ring of Kluapt {rF+ SInv Stlth--} (You found it on level 4 of the Spider Nest)
 26243 | Spider:4 | Noticed Wiglaf
 26275 | Spider:4 | Killed Wiglaf
 27479 | Spider:4 | Noticed Asterion
 27480 | Spider:4 | Noticed a spectral weapon
 27482 | Spider:4 | Noticed Jorgrun
 27684 | Spider:4 | Received a gift from Trog
 27688 | Spider:4 | Noticed a spectral weapon
 27705 | Spider:4 | Killed Asterion
 27714 | Spider:4 | Killed Jorgrun
 28042 | Spider:4 | Noticed Rupert
 28063 | Spider:4 | Killed Rupert
 28270 | Spider:5 | Entered Level 5 of the Spider Nest
 28674 | Spider:5 | Received a gift from Trog
 28971 | Spider:5 | Upgraded the game from 0.15-a0-1569-gdbe329f to 0.15-a0-1619-g29500c9
 28980 | Spider:5 | Upgraded the game from 0.15-a0-1619-g29500c9 to 0.15-a0-1632-gd490d05
 28980 | Spider:5 | Upgraded the game from 0.15-a0-1632-gd490d05 to 0.15-a0-1646-g393eda0
 29173 | Spider:5 | Reached skill level 14 in Fighting
 29409 | Spider:5 | Reached XP level 16. HP: 146/146 MP: 24/24
 30064 | Spider:5 | Reached skill level 15 in Fighting
 30127 | Spider:5 | Reached skill level 15 in Maces & Flails
 30218 | Spider:5 | Got a gossamer rune of Zot
 31291 | D:14     | Found a deep blue altar of Sif Muna.
 31328 | D:14     | Received a gift from Trog
 31517 | D:14     | Reached skill level 16 in Fighting
 31630 | D:14     | Found a gate to the Vaults.
 31649 | D:14     | Got a fine cloak
 31652 | D:14     | Identified the +2 cloak of Smaseu Moask {SInv} (You found it on level 14 of the Dungeon)
 31708 | D:14     | Found Cizuehoh's Antique Armour Shop.
 31717 | D:14     | Bought a dazzling chain mail for 237 gold pieces
 31717 | D:14     | Bought an embroidered cloak for 112 gold pieces
 31744 | D:14     | Identified the cursed +1 chain mail of Defence {Dex+5 Int-3} (You bought it in a shop on level 14 of the Dungeon)
 32317 | D:15     | Entered Level 15 of the Dungeon
 32465 | D:15     | Received a gift from Trog
 32477 | D:15     | Found a staircase to the Depths.
 33289 | Depths:1 | Entered Level 1 of the Depths
 33309 | Depths:1 | Reached XP level 17. HP: 125/160 MP: 25/25
 33778 | Orc:1    | Entered Level 1 of the Orcish Mines
 33823 | Orc:1    | Received a gift from Trog
 34222 | Orc:1    | Received a gift from Trog
 34320 | Orc:2    | Found Effaefee's Armour Shop.
 34485 | Orc:3    | Found a staircase to the Elven Halls.
 34518 | Orc:2    | Received a gift from Trog
 34681 | Orc:3    | Noticed Urug
 34695 | Orc:3    | Killed Urug
 35210 | Orc:3    | Received a gift from Trog
 35616 | Orc:4    | Entered Level 4 of the Orcish Mines
 35723 | Orc:4    | Found a labyrinth entrance.
 35730 | Lab      | Entered a labyrinth
 36115 | Lab      | Identified the Almanac of Dusty Flames (You found it in a labyrinth)
 36636 | Orc:4    | Received a gift from Trog
 36730 | Orc:4    | Found Lacreil's Antique Armour Shop.
 36730 | Orc:4    | Found Skash's Magic Scroll Shoppe.
 36731 | Orc:4    | Found Crolaeca's Armour Shoppe.
 36731 | Orc:4    | Found Tris' Armour Boutique.
 36762 | Orc:4    | Received a gift from Trog
 36984 | Orc:4    | Received a gift from Trog
 37388 | Orc:4    | Found a roughly hewn altar of Beogh.
 37838 | Shoals:1 | Entered Level 1 of the Shoals
 37871 | Shoals:1 | Found a frozen archway.
 37902 | IceCv    | Entered an ice cave
 37910 | IceCv    | Received a gift from Trog
 38032 | IceCv    | Noticed onwiheg's ghost (powerful TeBe)
 38050 | IceCv    | Killed onwiheg's ghost
 38272 | IceCv    | Got a flickering brass ring
 38285 | IceCv    | Identified the ring of Qucs {rElec rPois} (You found it in an ice cave)
 39146 | IceCv    | Got an iridescent great sword
 39147 | IceCv    | Identified the +2 great sword of Deogicue {slice, rF+} (You found it in an ice cave)
 40081 | Shoals:1 | Received a gift from Trog
 40664 | Shoals:2 | Found Kaoff's General Store.
 40673 | Shoals:2 | Bought a potion of curing for 26 gold pieces
 40673 | Shoals:2 | Bought a scroll of blinking for 97 gold pieces
 40673 | Shoals:2 | Bought a scroll of teleportation for 39 gold pieces
 40677 | Shoals:2 | Bought a scroll of identify for 26 gold pieces
 41364 | Spider:4 | Received a gift from Trog
 43153 | Shoals:5 | Entered Level 5 of the Shoals
 43179 | Shoals:5 | Received a gift from Trog
 43179 | Shoals:5 | Reached XP level 18. HP: 168/168 MP: 26/26
 43236 | Shoals:5 | Gained mutation: Your body is slowly deteriorating. [a shining eye]
 43374 | Shoals:5 | Reached skill level 15 in Armour
 43567 | Shoals:5 | Noticed Polyphemus
 43587 | Shoals:5 | Killed Polyphemus
 43601 | Shoals:5 | Received a gift from Trog
 43635 | Shoals:5 | Reached skill level 15 in Axes
 45080 | Shoals:5 | Noticed Ilsuiw
 45087 | Shoals:5 | Killed Ilsuiw
 45272 | Shoals:5 | Got a barnacled rune of Zot
 45385 | Shoals:5 | Received a gift from Trog
 46049 | Vaults:1 | Entered Level 1 of the Vaults
 46133 | Vaults:1 | Received a gift from Trog
 46601 | Vaults:1 | Received a gift from Trog
 46844 | Vaults:1 | Found Eruifodghu's General Store.
 46852 | Vaults:1 | Bought a potion of curing for 36 gold pieces
 46997 | Vaults:1 | Reached skill level 17 in Armour
 47284 | Vaults:1 | Received a gift from Trog
 47406 | Vaults:1 | Reached XP level 19. HP: 174/174 MP: 27/27
 47868 | Vaults:2 | Found a staircase to the Crypt.
 47986 | Vaults:2 | Noticed Margery
 48033 | Vaults:2 | HP: 3/174 [Margery/fireball (50)]
 48034 | Vaults:2 | Killed Margery
 48034 | Vaults:2 | Reached skill level 5 in Throwing
 48054 | Vaults:2 | Received a gift from Trog
 48181 | Vaults:2 | Found a flickering gateway to a bazaar.
 48184 | Vaults:2 | the flickering gateway to a bazaar was a mimic.
 48204 | Vaults:2 | Noticed Sojobo
 48217 | Vaults:2 | Killed Sojobo
 48455 | Vaults:2 | Reached skill level 18 in Armour
 48792 | Vaults:2 | Received a gift from Trog
 49169 | Vaults:3 | Noticed Boris
 49773 | Vaults:3 | Received a gift from Trog
 50071 | Vaults:3 | Received a gift from Trog
 50187 | Vaults:3 | Reached XP level 20. HP: 148/183 MP: 27/27
 50256 | Vaults:3 | Killed Boris
 50741 | Vaults:3 | Reached skill level 19 in Armour
 50746 | Vaults:3 | Received a gift from Trog
 50949 | Vaults:3 | Received a gift from Trog
 51649 | Vaults:4 | Received a gift from Trog
 51655 | Vaults:4 | Got a bone crossbow {god gift}
 51999 | Vaults:4 | Reached skill level 10 in Throwing
 52117 | Vaults:4 | Noticed Erolcha
 52121 | Vaults:4 | Killed Erolcha
 52152 | Vaults:4 | Received a gift from Trog
 52294 | Vaults:4 | Reached skill level 20 in Armour
 52299 | Vaults:4 | Received a gift from Trog
 52471 | Vaults:4 | Identified a +1 rod of striking (9/9) (You took it off a minotaur on level 4 of the Vaults)
 53230 | Vaults:4 | Received a gift from Trog
 53378 | Vaults:4 | Reached XP level 21. HP: 181/190 MP: 28/28
 54202 | Orc:4    | Bought the +0 cloak of the Fisher {rF++} for 319 gold pieces
 54319 | D:14     | Received a gift from Trog
 55489 | Depths:1 | Received a gift from Trog
 55524 | Depths:1 | Reached skill level 10 in Evocations
 55565 | Depths:1 | Found Vilaps' Assorted Antiques.
 55584 | Depths:1 | Bought a scroll of blinking for 195 gold pieces
 55649 | Depths:1 | Found a gateway to Hell.
 55666 | Depths:1 | Found a one-way gate to the infinite horrors of the Abyss.
 56039 | Depths:1 | Received a gift from Trog
 56830 | Depths:2 | Found Behe's Elemental Accessories.
 57003 | Depths:2 | Received a gift from Trog
 57329 | Depths:2 | Reached skill level 15 in Shields
 57345 | Depths:2 | Found a one-way gate leading to the halls of Pandemonium.
 57399 | Depths:2 | Reached skill level 21 in Armour
 57735 | Depths:2 | Received a gift from Trog
 58695 | Depths:3 | Gained mutation: You are frail (-10% HP). [a cacodemon]
 58722 | Depths:3 | Reached XP level 22. HP: 167/172 MP: 30/30
 58761 | Depths:3 | Received a gift from Trog
 58821 | Depths:3 | Noticed an ancient lich
 58842 | Depths:3 | Killed an ancient lich
 59136 | Depths:3 | Received a gift from Trog
 59847 | Depths:3 | Reached skill level 22 in Armour
 60422 | Lair:1   | Upgraded the game from 0.15-a0-1646-g393eda0 to 0.15-a0-1656-gb4d1502
 60667 | Depths:1 | Bought a scroll of identify for 52 gold pieces
 60667 | Depths:1 | Bought a scroll of identify for 52 gold pieces
 61087 | Orc:4    | Bought a scroll of identify for 28 gold pieces
 61087 | Orc:4    | Bought a scroll of identify for 28 gold pieces
 61087 | Orc:4    | Bought a scroll of magic mapping for 49 gold pieces
 61087 | Orc:4    | Bought a scroll of identify for 28 gold pieces
 61087 | Orc:4    | Bought a scroll of enchant weapon for 105 gold pieces
 61087 | Orc:4    | Bought a scroll of identify for 28 gold pieces
 61087 | Orc:4    | Bought a scroll of enchant weapon for 105 gold pieces
 61090 | Orc:4    | Bought a scroll of silence for 105 gold pieces
 61260 | Lair:1   | Identified a +4 rod of inaccuracy (12/12) (You found it in a labyrinth)
 61408 | Elf:1    | Entered Level 1 of the Elven Halls
 61442 | Elf:1    | Received a gift from Trog
 62746 | Elf:2    | Noticed Nikola
 62766 | Elf:2    | Killed Nikola
 62806 | Elf:2    | Got a pair of ichor-stained gloves
 62807 | Elf:2    | Identified the +2 pair of gloves of Xajid {Dex+3 Int-3} (You found it on level 2 of the Elven Halls)
 63354 | Elf:2    | Received a gift from Trog
 63825 | Elf:3    | Entered Level 3 of the Elven Halls
 64102 | Elf:3    | Noticed Azrael
 64107 | Elf:3    | Killed Azrael
 64476 | Elf:3    | Received a gift from Trog
 64661 | Elf:3    | Received a gift from Trog
 65192 | Elf:3    | Got a scintillating platinum ring
 65194 | Elf:3    | Identified the ring of Equilibrium {Dex+1 Int-2} (You took it off a deep elf annihilator on level 3 of the Elven Halls)
 65267 | Elf:3    | Got a twitching brass ring
 65268 | Elf:3    | Identified the cursed ring "Baekicukk" {EV-2 Dex+2 Int+3} (You found it on level 3 of the Elven Halls)
 65275 | Elf:3    | Got an aquamarine-studded plate armour
 65299 | Elf:3    | Identified the +10 plate armour of the Barracuda {rPois rF+ rC+ MR+} (You found it on level 3 of the Elven Halls)
 65561 | Elf:3    | Received a gift from Trog
 65839 | Elf:1    | Received a gift from Trog
 66282 | Depths:3 | Received a gift from Trog
 66465 | Depths:4 | Reached XP level 23. HP: 183/183 MP: 31/31
 66466 | Depths:4 | Found a gateway to a ziggurat.
 66633 | Depths:4 | Found Aziudid's Distillery.
 66642 | Depths:4 | Bought a potion of heal wounds for 33 gold pieces
 67416 | Depths:4 | Received a gift from Trog
 67598 | Depths:5 | Entered Level 5 of the Depths
 68020 | Depths:5 | Received a gift from Trog
 68166 | Depths:5 | Received a gift from Trog
 68712 | Depths:5 | Received a gift from Trog
 68725 | Depths:5 | Found a gate to the Realm of Zot.
 68792 | Depths:5 | Noticed an ancient lich
 68803 | Depths:5 | Killed an ancient lich
 68865 | Depths:5 | Got a steaming lajatang {god gift}
 69525 | Vaults:5 | Entered Level 5 of the Vaults
 69532 | Vaults:5 | Reached XP level 24. HP: 192/201 MP: 32/33
 69546 | Vaults:5 | Noticed Saint Roka
 69975 | Vaults:4 | Received a gift from Trog
 70039 | Vaults:5 | Killed Saint Roka
 70214 | Vaults:5 | Received a gift from Trog
 70339 | Vaults:5 | Received a gift from Trog
 70441 | Vaults:5 | Got a transparent iron ring
 70455 | Vaults:5 | Got a flickering bone ring
 70456 | Vaults:5 | Identified the ring of Obsession {EV+3 SInv} (You took it off a deep elf conjurer on level 5 of the Vaults)
 70463 | Vaults:5 | Got a flickering diamond amulet
 70675 | Vaults:5 | Found Skaegh's Jewellery Shop.
 70721 | Vaults:5 | Received a gift from Trog
 70783 | Vaults:5 | Identified the ring "Wotsal" {Str+4 Int+3 Stlth+} (You found it on level 5 of the Vaults)
 70785 | Vaults:5 | Identified the amulet "Doudwyuk" {Stasis Str+3 Int+2} (You found it on level 5 of the Vaults)
 71181 | Vaults:5 | Received a gift from Trog
 71341 | Vaults:5 | Got a silver rune of Zot
 71725 | Vaults:5 | Reached skill level 15 in Dodging
 72484 | D:15     | Reached XP level 25. HP: 210/210 MP: 35/35
 72917 | D:15     | Received a gift from Trog
 74754 | Lair:1   | Identified a +3 rod of striking (10/10) (You found it on level 5 of the Vaults)
 75049 | Crypt:1  | Entered Level 1 of the Crypt
 75190 | Crypt:1  | Noticed Mennas
 75220 | Crypt:1  | Killed Mennas
 76791 | Crypt:3  | Entered Level 3 of the Crypt
 77429 | Crypt:3  | Reached skill level 15 in Evocations
 77811 | Crypt:3  | Received a gift from Trog
 77874 | Crypt:3  | Got a brightly glowing marble ring
 77874 | Crypt:3  | Got a heavily runed diamond amulet
 77874 | Crypt:3  | Got a heavily runed bone ring
 77875 | Crypt:3  | Identified the amulet "Neur" {Ward rN+ Dex+1 Int+3} (You found it on level 3 of the Crypt)
 77878 | Crypt:3  | Identified the ring of Gyiheal {rN+ Dex+2} (You found it on level 3 of the Crypt)
 77879 | Crypt:3  | Identified the ring of Breag {rN+ Dex+2} (You found it on level 3 of the Crypt)
 78005 | Crypt:3  | Got a crystal morningstar
 78006 | Crypt:3  | Identified the +11 morningstar "Zagass" {flame, rPois rF+ rC+ Dex+3} (You found it on level 3 of the Crypt)
 78226 | Crypt:3  | Noticed Xtahua
 78271 | Crypt:3  | Killed Xtahua
 78426 | Crypt:3  | Noticed an ancient lich
 78438 | Crypt:3  | Upgraded the game from 0.15-a0-1656-gb4d1502 to 0.15-a0-1675-g4580af5
 78442 | Crypt:3  | Killed an ancient lich
 78650 | Crypt:3  | Found a staircase to the Tomb.
 78729 | Crypt:3  | Noticed an ancient lich
 78747 | Crypt:3  | Killed an ancient lich
 80178 | Lair:1   | Received a gift from Trog
 80342 | Slime:1  | Entered Level 1 of the Pits of Slime
 80462 | Slime:3  | Reached XP level 26. HP: 215/215 MP: 37/37
 80482 | Slime:5  | Received a gift from Trog
 80515 | Slime:6  | Entered Level 6 of the Pits of Slime
 80539 | Slime:6  | Noticed the royal jelly
 80555 | Slime:6  | Killed the royal jelly
 80665 | Slime:6  | Got a faintly glowing copper ring
 80767 | Slime:6  | Identified the ring "Testrus" {+Fly Str+2 Int+4 Stlth++} (You found it on level 6 of the Pits of Slime)
 80780 | Slime:6  | Got a pitted tin ring
 80782 | Slime:6  | Identified the ring of Skeagh {Dex+3 Stlth+} (You found it on level 6 of the Pits of Slime)
 80826 | Slime:6  | Got a slimy rune of Zot
 80828 | Slime:6  | Got a sparkling crystal amulet
 80830 | Slime:6  | Identified the amulet of Grontol {rCorr rF-} (You found it on level 6 of the Pits of Slime)
 80907 | Slime:6  | Got a pitted bronze amulet
 80908 | Slime:6  | Identified the amulet of Crycec {Spirit -Cast Slay+4} (You found it on level 6 of the Pits of Slime)
 80959 | Slime:6  | Received a gift from Trog
 81678 | Slime:6  | Got a transparent trident
 82381 | Depths:1 | Voluntarily entered the Abyss.
 82961 | Abyss:3  | Found a corrupted altar of Lugonu.
 82968 | Abyss:3  | Identified a +7 rod of inaccuracy (10/10) (You found it on level 3 of the Abyss)
 83089 | Abyss:3  | Upgraded the game from 0.15-a0-1675-g4580af5 to 0.15-a0-1689-gfa11693
 83102 | Abyss:3  | Found a corrupted altar of Lugonu.
 83331 | Abyss:3  | Received a gift from Trog
 83443 | Abyss:3  | Found a corrupted altar of Lugonu.
 83449 | Abyss:3  | Got an abyssal rune of Zot
 83603 | Abyss:3  | Found a corrupted altar of Lugonu.
 83610 | Depths:1 | Escaped the Abyss
 84054 | Pan      | Entered Pandemonium
 84441 | Pan      | Received a gift from Trog
 84505 | Pan      | Found an exit through the horrors of the Abyss.
 84640 | Pan      | Noticed Pihoducy the pandemonium lord
 84640 | Pan      | Gained mutation: Your spells are a little easier to cast, but a little less powerful. [a cacodemon]
 84643 | Pan      | Gained mutation: Your magical capacity is low (-10% MP). [a cacodemon]
 84649 | Pan      | Received a gift from Trog
 84649 | Pan      | Gained mutation: You are very frail (-20% HP). [a cacodemon]
 84658 | Pan      | Killed Pihoducy the pandemonium lord
 84755 | Pan      | Gained mutation: Your body is deteriorating. [a cacodemon]
 84819 | Pan      | Reached skill level 15 in Throwing
 84952 | Pan      | Received a gift from Trog
 85396 | Pan      | Received a gift from Trog
 85409 | Pan      | Noticed Mufuw the pandemonium lord
 85414 | Pan      | Killed Mufuw the pandemonium lord
 85842 | Pan      | Received a gift from Trog
 86117 | Pan      | Gained mutation: Your magical capacity is very low (-20% MP). [a cacodemon]
 86126 | Pan      | Reached XP level 27. HP: 192/192 MP: 10/31
 86138 | Pan      | Gained mutation: Potions and wands are less effective at restoring your health. [a cacodemon]
 86208 | Pan      | Found an exit through the horrors of the Abyss.
 86558 | Pan      | Noticed Clisass the pandemonium lord
 86840 | Pan      | Received a gift from Trog
 87085 | Pan      | Received a gift from Trog
 87279 | Pan      | Lost mutation: Potions and wands are less effective at restoring your health. [a neqoxec]
 87281 | Pan      | Killed Clisass the pandemonium lord
 87963 | Pan      | Received a gift from Trog
 88379 | Pan      | Gained mutation: You occasionally shout uncontrollably at your foes. [a neqoxec]
 88483 | Pan      | Found an exit through the horrors of the Abyss.
 88617 | Pan      | Received a gift from Trog
 88768 | Pan      | Received a gift from Trog
 88914 | Pan      | Took an exit into the Abyss.
 88914 | Abyss:1  | Escaped into the Abyss
 88940 | Abyss:1  | Found a corrupted altar of Lugonu.
 89159 | Depths:2 | Escaped the Abyss
 89387 | Lair:1   | Lost mutation: You can spit poison. [potion of cure mutation]
 89387 | Lair:1   | Lost mutation: You are very frail (-20% HP). [potion of cure mutation]
 89387 | Lair:1   | Lost mutation: You occasionally shout uncontrollably at your foes. [potion of cure mutation]
 89387 | Lair:1   | Lost mutation: You are frail (-10% HP). [potion of cure mutation]
 89392 | Lair:1   | Lost mutation: Your body is deteriorating. [potion of cure mutation]
 89392 | Lair:1   | Lost mutation: Your magical capacity is very low (-20% MP). [potion of cure mutation]
 89392 | Lair:1   | Lost mutation: Your spells are a little easier to cast, but a little less powerful. [potion of cure mutation]
 89392 | Lair:1   | Lost mutation: Your body is slowly deteriorating. [potion of cure mutation]
 89392 | Lair:1   | Lost mutation: Your muscles are strong. (Str +2) [potion of cure mutation]
 89392 | Lair:1   | Lost mutation: You are resistant to hostile enchantments. [potion of cure mutation]
 89709 | Pan      | Entered Pandemonium
 89734 | Pan      | Found a white marble altar of Elyvilon.
 90298 | Pan      | Reached skill level 23 in Fighting
 90894 | Pan      | Received a gift from Trog
 92202 | Pan      | Found a glowing silver altar of Zin.
 92556 | Pan      | Reached skill level 24 in Fighting
 92840 | Pan      | Received a gift from Trog
 93356 | Pan      | Found a glowing golden altar of the Shining One.
 93403 | Pan      | Received a gift from Trog
 93520 | Pan      | Got a demonic rune of Zot
 94025 | Pan      | Found an exit through the horrors of the Abyss.
 94346 | Pan      | Noticed Pnauleti the pandemonium lord
 94347 | Pan      | Received a gift from Trog
 94370 | Pan      | Killed Pnauleti the pandemonium lord
 94461 | Pan      | Gained mutation: You have sharp toenails. [a cacodemon]
 94843 | Pan      | Received a gift from Trog
 95469 | Depths:2 | Escaped Pandemonium
 95938 | Depths:3 | Received a gift from Trog
 96078 | Zot:1    | Entered Level 1 of the Realm of Zot
 96780 | Zot:1    | Noticed Tiamat
 96842 | Zot:1    | Killed Tiamat
 97696 | Zot:1    | Got a bloodstained buckler
 97698 | Zot:1    | Identified the cursed -5 buckler "Ityfim" {Slay+4} (You found it on level 1 of the Realm of Zot)
 97817 | Zot:2    | Received a gift from Trog
 98001 | Zot:2    | Received a gift from Trog
 99173 | Zot:3    | Received a gift from Trog
 99756 | Zot:4    | Noticed an orb of fire
 99914 | Zot:4    | Got a scintillating tin ring
 99915 | Zot:4    | Identified the ring "Tharahaa" {rC- AC+4 Dex+1} (You took it off a pale draconian on level 4 of the Realm of Zot)
 99934 | Zot:4    | Gained mutation: You heal slowly when monsters are visible. [an orb of fire]
 99955 | Zot:4    | Gained mutation: Armour fits poorly on your strangely shaped body. [an orb of fire]
 99959 | Zot:4    | Lost mutation: Armour fits poorly on your strangely shaped body. [an orb of fire]
 99960 | Zot:4    | Killed an orb of fire
100273 | Zot:4    | Received a gift from Trog
100403 | Zot:4    | Received a gift from Trog
100565 | Zot:4    | Received a gift from Trog
101438 | Lair:1   | Lost mutation: You have sharp toenails. [potion of cure mutation]
101438 | Lair:1   | Lost mutation: You heal slowly when monsters are visible. [potion of cure mutation]
101438 | Lair:1   | Lost mutation: Your magical capacity is low (-10% MP). [potion of cure mutation]
101656 | Pan      | Entered Pandemonium
101669 | Pan      | Received a gift from Trog
101720 | Pan      | Received a gift from Trog
102081 | Pan      | Received a gift from Trog
102094 | Pan      | Gained mutation: You are clumsy. (Dex -2) [a neqoxec]
102096 | Pan      | Gained mutation: You are very clumsy. (Dex -4) [a neqoxec]
102226 | Pan      | Found an exit through the horrors of the Abyss.
102577 | Pan      | Gained mutation: You are dopey. (Int -2) [a neqoxec]
102581 | Pan      | Gained mutation: Your magical capacity is low (-10% MP). [a neqoxec]
102826 | Pan      | Received a gift from Trog
102830 | Pan      | Got a slimy war axe {god gift}
102836 | Pan      | Noticed Luorgh the pandemonium lord
102878 | Pan      | Killed Luorgh the pandemonium lord
102929 | Pan      | Found an exit through the horrors of the Abyss.
102979 | Pan      | Noticed Clyntuehi the pandemonium lord
103007 | Pan      | Took an exit into the Abyss.
103007 | Abyss:1  | Escaped into the Abyss
103015 | Depths:2 | Escaped the Abyss
103413 | Pan      | Entered Pandemonium
103603 | Pan      | Received a gift from Trog
103771 | Pan      | Received a gift from Trog
103892 | Pan      | Found an exit through the horrors of the Abyss.
104108 | Pan      | Received a gift from Trog
104210 | Pan      | Noticed Fuhouk the pandemonium lord
104226 | Pan      | Killed Fuhouk the pandemonium lord
104532 | Pan      | Found an exit through the horrors of the Abyss.
104590 | Pan      | Received a gift from Trog
104759 | Pan      | Gained mutation: You are weak. (Str -2) [a cacodemon]
105098 | Pan      | Noticed Nupimn the pandemonium lord
105123 | Pan      | Killed Nupimn the pandemonium lord
105123 | Pan      | Reached skill level 5 in Stealth
105559 | Pan      | Got a faintly glowing falchion
105560 | Pan      | Identified the +7 falchion of the Jester {flame, rC- rN+ Str+4} (You found it in Pandemonium)
106340 | Pan      | Found an exit through the horrors of the Abyss.
106364 | Pan      | Received a gift from Trog
106471 | Pan      | Gained mutation: Your vision is a little blurry. [a neqoxec]
107312 | Depths:2 | Escaped Pandemonium
107538 | Lair:1   | Gained mutation: Your spells are a little easier to cast, but a little less powerful. [potion of mutation]
107538 | Lair:1   | Gained mutation: You are very weak. (Str -4) [potion of mutation]
107539 | Lair:1   | Lost mutation: You are very weak. (Str -4) [potion of cure mutation]
107539 | Lair:1   | Lost mutation: You are very clumsy. (Dex -4) [potion of cure mutation]
107539 | Lair:1   | Lost mutation: You are dopey. (Int -2) [potion of cure mutation]
107539 | Lair:1   | Lost mutation: Your vision is a little blurry. [potion of cure mutation]
107539 | Lair:1   | Lost mutation: You are weak. (Str -2) [potion of cure mutation]
107539 | Lair:1   | Lost mutation: You are clumsy. (Dex -2) [potion of cure mutation]
107775 | Pan      | Entered Pandemonium
108189 | Pan      | Gained mutation: Your vision is a little blurry. [a cacodemon]
108255 | Pan      | Gained mutation: Your spells are easier to cast, but less powerful. [a cacodemon]
108269 | Pan      | Received a gift from Trog
108443 | Pan      | Found an exit through the horrors of the Abyss.
108487 | Pan      | Gained mutation: You tend to lose your temper in combat. [a cacodemon]
108913 | Pan      | Received a gift from Trog
108970 | Pan      | Noticed Brikeol the pandemonium lord
108988 | Pan      | Killed Brikeol the pandemonium lord
109121 | Pan      | Reached skill level 10 in Stealth
109420 | Pan      | Found an exit through the horrors of the Abyss.
109621 | Pan      | Received a gift from Trog
109624 | Pan      | Gained mutation: You have a fast metabolism. [a neqoxec]
109635 | Pan      | Noticed Pop Gio the pandemonium lord
109643 | Pan      | Killed Pop Gio the pandemonium lord
109988 | Pan      | Received a gift from Trog
110265 | Pan      | Entered the realm of Mnoleg.
110266 | Pan      | Gained mutation: Your magical capacity is very low (-20% MP). [a neqoxec]
110320 | Pan      | Gained mutation: Armour fits poorly on your strangely shaped body. [a cacodemon]
110324 | Pan      | Gained mutation: You are weak. (Str -2) [a cacodemon]
110328 | Pan      | Received a gift from Trog
110331 | Pan      | Gained mutation: You are clumsy. (Dex -2) [a cacodemon]
110512 | Pan      | Received a gift from Trog
110625 | Pan      | Gained mutation: You have a very fast metabolism. [a cacodemon]
110627 | Pan      | Gained mutation: Your body is slowly deteriorating. [a cacodemon]
110644 | Pan      | Found an exit through the horrors of the Abyss.
110755 | Pan      | Received a gift from Trog
110786 | Pan      | Found a gateway to a ziggurat.
110829 | Zig:1    | Entered Level 1 of a ziggurat
110836 | Zig:1    | Received a gift from Trog
110899 | Zig:2    | Entered Level 2 of a ziggurat
111061 | Zig:3    | Entered Level 3 of a ziggurat
111064 | Zig:3    | Gained mutation: Your body is deteriorating. [a shining eye]
111322 | Zig:4    | Entered Level 4 of a ziggurat
111365 | Zig:5    | Entered Level 5 of a ziggurat
111423 | Zig:5    | Identified a +4 rod of clouds (11/11) (You found it on level 5 of a ziggurat)
111442 | Zig:5    | Received a gift from Trog
111452 | Zig:6    | Entered Level 6 of a ziggurat
111460 | Zig:6    | Upgraded the game from 0.15-a0-1689-gfa11693 to 0.15-a0-1723-gae8f746
111584 | Zig:6    | Reached skill level 25 in Fighting
111720 | Zig:7    | Entered Level 7 of a ziggurat
112012 | Zig:8    | Entered Level 8 of a ziggurat
112200 | Zig:9    | Entered Level 9 of a ziggurat
112328 | Zig:9    | Got a ring of the Octopus King
112329 | Zig:9    | Identified a ring of the Octopus King {Wiz AC+1 EV+1 Str+1 Dex+1 Int+1} (You found it on level 9 of a ziggurat)
112483 | Zig:10   | Entered Level 10 of a ziggurat
112521 | Zig:10   | Received a gift from Trog
112648 | Zig:10   | Lost mutation: Armour fits poorly on your strangely shaped body. [potion of cure mutation]
112648 | Zig:10   | Lost mutation: Your magical capacity is very low (-20% MP). [potion of cure mutation]
112648 | Zig:10   | Lost mutation: Your body is deteriorating. [potion of cure mutation]
112648 | Zig:10   | Lost mutation: Your magical capacity is low (-10% MP). [potion of cure mutation]
112691 | Zig:10   | Lost mutation: Your spells are easier to cast, but less powerful. [mutagenic meat]
112692 | Zig:10   | Gained mutation: Your mind is acute. (Int +2) [mutagenic meat]
112693 | Zig:10   | Lost mutation: You are weak. (Str -2) [mutagenic meat]
112766 | Zig:11   | Entered Level 11 of a ziggurat
112970 | Zig:11   | Lost mutation: Your spells are a little easier to cast, but a little less powerful. [potion of cure mutation]
112970 | Zig:11   | Lost mutation: You have a very fast metabolism. [potion of cure mutation]
112970 | Zig:11   | Lost mutation: You are clumsy. (Dex -2) [potion of cure mutation]
112970 | Zig:11   | Lost mutation: You tend to lose your temper in combat. [potion of cure mutation]
112970 | Zig:11   | Lost mutation: Your mind is acute. (Int +2) [potion of cure mutation]
112986 | Zig:11   | Identified a +7 rod of shadows (10/10) (You found it on level 11 of a ziggurat)
112992 | Zig:11   | Identified a +8 rod of the swarm (9/9) (You found it on level 11 of a ziggurat)
113021 | Zig:12   | Entered Level 12 of a ziggurat
113318 | Zig:13   | Entered Level 13 of a ziggurat
113332 | Zig:13   | Received a gift from Trog
113340 | Zig:13   | Received a gift from Trog
113374 | Zig:13   | Received a gift from Trog
113430 | Zig:13   | Got a faintly glowing plate armour
113443 | Zig:13   | Identified the cursed -8 plate armour "Azxuyv Etoe" {rPois} (You found it on level 13 of a ziggurat)
113478 | Zig:14   | Entered Level 14 of a ziggurat
113497 | Zig:14   | Received a gift from Trog
113551 | Zig:14   | Got a wavering bronze ring
113553 | Zig:14   | Identified the ring of Thune {+Rage rN+ Stlth-} (You found it on level 14 of a ziggurat)
113582 | Zig:14   | Identified a +5 rod of destruction (14/14) (You found it on level 14 of a ziggurat)
113587 | Zig:14   | Identified a +3 rod of ignition (12/12) (You found it on level 14 of a ziggurat)
113754 | Pan      | Noticed Mnoleg
113756 | Pan      | Gained mutation: Your magical capacity is low (-10% MP). [a neqoxec]
113772 | Pan      | Lost intelligence.
113780 | Pan      | HP: 10/255 [large abomination[Mnoleg] (16)]
113781 | Pan      | Slain by a tentacled monstrosity

Action                   |  1- 3 |  4- 6 |  7- 9 | 10-12 | 13-15 | 16-18 | 19-21 | 22-24 | 25-27 || total
-------------------------+-------+-------+-------+-------+-------+-------+-------+-------+-------++-------
Melee: Hand axe          |    47 |   203 |   186 |       |       |       |       |       |       ||   436
       Flail             |       |       |   309 |     1 |       |       |       |       |       ||   310
       Whip              |       |       |       |   614 |   743 |       |       |       |       ||  1357
       Lajatang          |       |       |       |   306 |    22 |       |       |       |       ||   328
       War axe           |       |       |       |     5 |   243 |       |       |       |       ||   248
       Rod               |       |       |       |       |    32 |       |       |       |     3 ||    35
       Broad axe         |       |       |       |       |    82 |  1293 |  1278 |  1096 |  5841 ||  9590
       Demon whip        |       |       |       |       |   262 |   625 |       |    82 |       ||   969
       Morningstar       |       |       |       |       |       |       |       |       |    61 ||    61
       Sacred scourge    |       |       |       |       |       |       |       |       |    11 ||    11
 Fire: Sling             |       |     6 |       |       |       |       |       |       |       ||     6
       Crossbow          |       |       |       |     9 |       |       |       |       |       ||     9
       Blowgun           |       |       |       |       |     1 |       |       |       |       ||     1
Throw: Stone             |       |       |     6 |       |       |       |       |       |       ||     6
       Javelin           |       |       |     3 |    31 |    58 |    86 |   299 |   374 |   606 ||  1457
       Tomahawk          |       |       |       |       |    40 |    72 |    18 |       |    79 ||   209
       Throwing net      |       |       |       |       |       |     1 |       |       |       ||     1
Invok: Berserk           |     1 |     3 |     1 |     2 |     4 |     1 |     1 |     1 |     3 ||    17
       Trog's Hand       |       |     3 |     4 |     6 |    14 |    12 |    11 |     6 |    27 ||    83
       Brothers in Arms  |       |       |       |       |    12 |    10 |     7 |     7 |    10 ||    46
       Burn Spellbooks   |       |       |       |       |       |       |       |     6 |     9 ||    15
 Abil: Spit Poison       |       |       |       |       |    12 |     3 |     1 |       |       ||    16
Evoke: Wand              |       |       |    15 |     6 |    28 |    42 |    18 |    12 |    30 ||   151
       Phial of floods   |       |       |       |       |     1 |     2 |       |       |       ||     3
       Rod               |       |       |       |       |       |       |       |       |   117 ||   117
       Disc of storms    |       |       |       |       |       |       |       |       |     7 ||     7
       Lamp of fire      |       |       |       |       |       |       |       |       |     1 ||     1
       tome              |       |       |       |       |       |       |       |       |     3 ||     3
  Use: Scroll            |       |    10 |     4 |    13 |    19 |    19 |    11 |    30 |    45 ||   151
       Potion            |       |       |     3 |       |     4 |     1 |     7 |     4 |    22 ||    41
 Stab: Distracted        |       |       |       |       |     4 |       |     1 |     2 |     4 ||    11
       Confused          |       |       |       |       |     1 |       |       |       |       ||     1
